 Dungeon Crawl Stone Soup version 0.28-a0-1485-g077359a4bf (webtiles) character file.

Game seed: 1150558321395572295

292 Hasart the Conjurer (level 5, 0/38 HPs)
             Began as a Demigod Conjurer on Jan 11, 2022.
             Succumbed to a killer bee's poison
             ... on level 3 of the Dungeon.
             The game lasted 00:05:39 (4011 turns).

Hasart the Conjurer (Demigod Conjurer)              Turns: 4011, Time: 00:05:39

Health: 0/38       AC:  5    Str:  7 (8)  XL:     5   Next: 84%
Magic:  9/14       EV: 11    Int: 23 (24) God:
Gold:   129        SH:  0    Dex:  6 (9)  Spells: 9/12 levels left

rFire   + + .      SeeInvis .   j - +6 dagger of Rotation {vorpal, rF++ Dex-3 Stlth+}
rCold   . . .      Faith    .   (no shield)
rNeg    . . .      Spirit   .   a - +0 robe
rPois   +          Reflect  .   (no helmet)
rElec   .          Harm     .   i - +2 cloak {rPois}
rCorr   .          Rampage  .   (no gloves)
Will    .....                   (no boots)
Stlth   ++........              (no amulet)
HPRegen 0.12/turn               (no ring)
MPRegen 0.14/turn               (no ring)

@: lethally poisoned (0 -> -18)
A: high mp 1, forlorn, divine attributes
a: no special abilities


You were on level 3 of the Dungeon.
You visited 1 branch of the dungeon, and saw 4 of its levels.

You collected 129 gold pieces.

Inventory:

Hand Weapons
 e - a +3 flail
 j - the +6 dagger of Rotation (weapon) {vorpal, rF++ Dex-3 Stlth+}
   (You found it on level 3 of the Dungeon)

   It inflicts extra damage upon your enemies.
   Dex:       It affects your dexterity (-3).
   rF:        It greatly protects you from fire.
   Stlth:     It makes you more stealthy.
Missiles
 g - 3 throwing nets
Armour
 a - a +0 robe (worn)
 i - a +2 cloak of poison resistance (worn)
Scrolls
 c - 2 scrolls of teleportation {unknown}
 d - a scroll of torment {unknown}
 f - a scroll of fog {unknown}
 h - 2 scrolls of identify {unknown}


   Skills:
 - Level 1.7 Dodging
 - Level 1.7 Stealth
 + Level 4.0 Spellcasting
 + Level 5.4 Conjurations


You had 9 spell levels left.
You knew the following spells:

 Your Spells              Type           Power      Damage    Failure   Level
a - Magic Dart            Conj           100%       1d8       1%          1
b - Searing Ray           Conj           58%        2d6       1%          2

Your spell library contained the following spells:

 Spells                   Type           Power      Damage    Failure   Level
 Beastly Appendage        Tmut           8%         N/A       11%         1
 Dazzling Flash           Conj/Hex       34%        N/A       11%         3
 Wereblood                Tmut           4%         N/A       16%         2
 Spider Form              Tmut/Pois      4%         N/A       30%         3
 Fulminant Prism          Conj/Hex       8%         3d7       34%         4
 Iskenderun's Mystic Bla  Conj/Tloc      17%        2d5       34%         4


Dungeon Overview and Level Annotations

Branches:
Dungeon (4/15)
 Temple: D:4-7

Annotations:
D:4 Menkaure


Innate Abilities, Weirdness & Mutations

You have an increased reservoir of magic. (+10% MP)
You shall have no god before yourself.
Your divine heritage dramatically boosts your attributes as you level up.


Message History

The killer bee closely misses you. The killer bee barely misses you.
The killer bee closely misses you.
You climb upwards.
There is a stone staircase leading down here.
Aiming: Searing Ray (safe; 1% risk of failure)
Press: ? - help, Q - select action, (/) - cycle Shift-Dir - straight line, f - killer bee
Aim: a killer bee (58% to hit)
The searing ray hits the killer bee.
The killer bee is moderately wounded. (Press . to maintain the ray.)
The killer bee misses you. The killer bee closely misses you.
The killer bee completely misses you. The killer bee stings you.
You are poisoned.
The killer bee poisons you!
Unknown command.
The searing ray hits the killer bee.
The killer bee is heavily wounded.
You feel sick. The killer bee stings you!
You are more poisoned.
The killer bee poisons you! The killer bee closely misses you.
The killer bee stings you. The killer bee closely misses you.
Unknown command.
The searing ray misses the killer bee.
You feel sick. The killer bee completely misses you.
The killer bee barely misses you. The killer bee stings you. x2
* * * LOW HITPOINT WARNING * * *
Unknown command.
The searing ray hits the killer bee.
The killer bee is almost dead.
You finish channelling your searing ray.
You feel sick. The killer bee stings you.
* * * LOW HITPOINT WARNING * * *
You are more poisoned.
The killer bee poisons you! The killer bee closely misses you. x2
The killer bee completely misses you.
Unknown command.
It was a potion of degeneration.
There was something very wrong with that liquid.
You feel weakened.
You feel dopey.
You feel clumsy.
You die...

..............#
..............#
<..########...############
.........................#
.#.#####......##########.#
...####.._8_..# #.#
.#.##....)_...# #.#
..............#### #.#
...............y@# #.#
.#.#....###...##y#######.###
.#.#....# #................#
.#.#.#### #.####.#######.###
.#.#.######.# #.#######.#
##.#.#......####.#.......#
.....'...........#.#####.#
##...#...................#
##...#....).######.#####.###


You could see 2 killer bees.

Vanquished Creatures
  2 orc priests
  Crazy Yiuf (D:2)
  2 orc wizards (D:3)
  An adder (D:3)
  8 gnolls (D:2)
  A worm (D:2)
  2 dart slugs
  6 orcs
  4 endoplasms
  4 giant cockroaches
  7 goblins
  10 hobgoblins
  7 kobolds
  2 quokkas (D:2)
  3 frilled lizards
  3 rats
63 creatures vanquished.

Vanquished Creatures (others)
  A plant (D:2)
1 creature vanquished.

Grand Total: 64 creatures vanquished

Notes
Turn   | Place    | Note
-------+----------+-------------------------------------------
     0 | D:1      | Hasart the Demigod Conjurer began the quest for the Orb.
     0 | D:1      | Reached XP level 1. HP: 14/14 MP: 5/5
   679 | D:1      | Reached XP level 2. HP: 20/20 MP: 5/7
   682 | D:1      | Learned a level 2 spell: Searing Ray
  1195 | D:2      | Reached skill level 4 in Conjurations
  1197 | D:2      | Reached XP level 3. HP: 26/26 MP: 0/9
  2019 | D:2      | Reached XP level 4. HP: 13/33 MP: 5/11
  2462 | D:2      | Found a runed translucent door.
  2463 | D:2      | Noticed Crazy Yiuf
  2470 | D:2      | Killed Crazy Yiuf
  2599 | D:3      | Identified the +6 dagger of Rotation {vorpal, rF++ Dex-3
                  | Stlth+}
  2692 | D:3      | Reached skill level 5 in Conjurations
  2692 | D:3      | Reached XP level 5. HP: 20/38 MP: 6/13
  3744 | D:4      | Noticed an ogre
  3782 | D:4      | Noticed Menkaure
  4011 | D:3      | Succumbed to a killer bee's poison

Illustrated notes

Levels and vault maps discovered:
D:1:      ebering_trefoil_3fold, layout_basic, st_stairs_6
D:2:      layout_basic, shapermc_ecumenical_altar_mp_vishouse, serial_forest,
          infiniplex_forest_clump_small, infiniplex_forest_straight_4,
          infiniplex_forest_zigzag_2, infiniplex_forest_clump_small,
          infiniplex_forest_clump_curved, infiniplex_forest_clump_small,
          infiniplex_forest_end_2, infiniplex_forest_lined_ring,
          infiniplex_forest_lined_corner, uniq_sigmund, uniq_crazy_yiuf_cottage
D:3:      layout_basic, chequers_temple_overflow_statue_of_worship
D:4:      layout_rooms, nemelex_dance_club_becter, minmay_tree_intersection,
          uniq_menkaure

Skill      XL: |  1  2  3  4  5 |
---------------+----------------+-----
Spellcasting   | 2 3 4 |  4.0
Conjurations   | 4 5 |  5.4
Dodging        | |  1.7
Stealth        | |  1.7

Action                   |  1- 3 |  4- 6 || total
-------------------------+-------+-------++-------
Melee: Flail             |     6 |     2 ||     8
       Short sword       |     4 |       ||     4
       Dagger            |       |     9 ||     9
 Cast: Magic Dart        |    21 |     1 ||    22
       Searing Ray       |    12 |    17 ||    29
  Use: Potion            |       |     1 ||     1
 Stab: Sleeping          |     1 |       ||     1
Armor: Robe              |     2 |     6 ||     8
Dodge: Dodged            |     6 |    28 ||    34

Table legend: (Time is in decaauts)
 A = Elapsed time spent in this place.
 B = Non-inter-level travel time spent in this place.
 C = Inter-level travel time spent in this place.
 D = Time resting spent in this place.
 E = Time spent auto-exploring this place.
 F = Levels seen in this place.
 G = Mean time per level.
                   A        B        C        D        E       F      G
               +--------+--------+--------+--------+--------+-----+--------+
         Total |   4015 |   3852 |    163 |    416 |   3065 |   4 | 1003.8 |
       Dungeon |   4015 |   3852 |    163 |    416 |   3065 |   4 | 1003.8 |
               +--------+--------+--------+--------+--------+-----+--------+

Top non-repeatable levels by time:
     D:3: 1423 daAuts
     D:2: 1396 daAuts
     D:1: 1184 daAuts
     D:4: 11 daAuts
